 Dungeon Crawl Stone Soup version 0.24-a0-443-g80245de385 (console) character file.

Game seed: 5184778228624915693

114 Lexodia the Grasshopper (level 4, -5/38 HPs)
             Began as a Gnoll Warper on June 21, 2019.
             Killed from afar by Natasha (8 damage)
             ... with a puff of flame
             ... on level 2 of the Dungeon.
             The game lasted 00:03:20 (1390 turns).

Lexodia the Grasshopper (Gnoll Warper)              Turns: 1390, Time: 00:03:21

Health: -5/38      AC:  3    Str: 13    XL:     4   Next: 97%
Magic:  9/11       EV: 14    Int: 17    God:
Gold:   12         SH:  0    Dex: 14    Spells: 3/13 levels left

rFire    . . .     SeeInvis .   m - +2 whip (pain)
rCold    . . .     Gourm    .   (no shield)
rNeg     . . .     Faith    .   a - +0 leather armour
rPois    .         Spirit   .   (no helmet)
rElec    .         Reflect  .   (no cloak)
rCorr    .         Harm     .   (no gloves)
MR       .....                  (no boots)
Stlth    ++........             (no amulet)
HPRegen  0.12/turn              (no ring)
MPRegen  0.12/turn              (no ring)

@: shrouded
A: distributed training, fangs 1, strong nose
a: no special abilities


You were on level 2 of the Dungeon.
You were not hungry.

You visited 1 branch of the dungeon, and saw 2 of its levels.

You collected 12 gold pieces.

Inventory:

Hand Weapons
 m - a +2 whip of pain (weapon)
Missiles
 d - 5 boomerangs of dispersal (quivered)
Armour
 a - a +0 leather armour (worn)
Scrolls
 c - a scroll of blinking
 e - 2 scrolls of fog {unknown}
 g - 2 scrolls of identify {unknown}
 j - a scroll of enchant weapon {unknown}
 l - a scroll of remove curse {unknown}
Potions
 b - a potion of resistance {unknown}
 h - 2 potions of heal wounds {unknown}
 i - a potion of degeneration {unknown}
Comestibles
 f - 2 rations


   Skills:
 + Level 4.7 Fighting
 + Level 1.2 Short Blades
 + Level 1.2 Long Blades
 + Level 1.2 Axes
 + Level 1.2 Maces & Flails
 + Level 1.2 Polearms
 + Level 1.2 Staves
 + Level 1.2 Slings
 + Level 1.2 Bows
 + Level 1.2 Crossbows
 + Level 2.8 Throwing
 + Level 2.8 Armour
 + Level 4.7 Dodging
 + Level 1.2 Stealth
 + Level 1.2 Shields
 + Level 4.7 Unarmed Combat
 + Level 5.1 Spellcasting
 + Level 1.0 Conjurations
 + Level 1.0 Hexes
 + Level 1.0 Charms
 + Level 1.0 Summonings
 + Level 1.0 Necromancy
 + Level 5.5 Translocations
 + Level 1.0 Transmutations
 + Level 1.0 Fire Magic
 + Level 1.0 Ice Magic
 + Level 1.0 Air Magic
 + Level 1.0 Earth Magic
 + Level 1.0 Poison Magic
 + Level 1.4 Invocations
 + Level 1.2 Evocations


You had 3 spell levels left.
You knew the following spells:

 Your Spells              Type           Power        Failure   Level  Hunger
a - Blink                 Tloc           N/A          2%          2    #......
b - Shroud of Golubria    Chrm/Tloc      ###...       7%          2    #......
c - Gell's Gravitas       Tloc           ###.......   5%          3    ###....
d - Lesser Beckoning      Tloc           ###.......   5%          3    ###....

Your spell library contained the following spells:

 Spells                   Type           Power        Failure   Level  Hunger
 Teleport Other           Tloc           ###.....     5%          3    ###....
 Passage of Golubria      Tloc           N/A          19%         4    ####...


Dungeon Overview and Level Annotations

Branches:
Dungeon (2/15)

Altars:
Fedhas
Vehumet

Annotations:
D:2 Natasha


Innate Abilities, Weirdness & Mutations

Your experience applies equally to all skills.
You have very sharp teeth.
Your uncanny sense of smell can sniff out nearby items.


Message History

Natasha is lightly wounded.
Natasha mumbles some strange words.
You miss Natasha.
Natasha is lightly wounded.
Natasha zaps a wand.
The puff of flame hits you!
Huge Dmg: -26%(-10hp) hp: 35%(13hp) Natasha stares at you and mumbles some strange words.
The magic dart hits you!
* * * LOW HITPOINT WARNING * * *
The crimson imp blinks!
Huge Dmg: -27%(-10hp) hp: 8%(3hp)
Casting: Gell's Gravitas (safe; 5% risk of failure)
Confirm with . or Enter, or press ? or * to list all spells.
You don't know that spell.
Unknown command.
Casting: Gell's Gravitas (safe; 5% risk of failure)
Confirm with . or Enter, or press ? or * to list all spells.
Space distorts slightly along a thin shroud covering your body.
Natasha zaps a wand.
The puff of flame hits you!
You die...

#..#####.# #.##..........
#.....##.######
#....###.#....
#..##.#.......# ####.#
#.....( #..##.#.#####.#####
#.###....## ........# #.#...#
#.......## ..###.#.# .5.ยง.#
#####...# #.# #...# .#.h.#
#.).# #.# ###.#####.##.#
#...# #<# #.........##@##
#...# #.#
#.........#.#.#########...###
#.#
#.......##.###.##............
#.# #....)....##
##.............. ..#
#........#.###.##............
###
#........#..#...#####.#....##
# #........#......# #.#....#
# ########.####...# #.#....#
# #.####.### #.#....##


You could see Natasha and a crimson imp.

Vanquished Creatures
  Robin (D:2)
  3 gnolls (D:2)
  3 adders (D:2)
  An ooze (D:2)
  A worm (D:2)
  A dart slug (D:2)
  2 giant cockroaches
  8 goblins (D:2)
  4 hobgoblins
  3 jackals (D:2)
  5 kobolds
  4 bats
  4 frilled lizards
  A rat (D:1)
41 creatures vanquished.

Notes
Turn   | Place    | Note
-------+----------+-------------------------------------------
     0 | D:1      | Lexodia the Gnoll Warper began the quest for the Orb.
     0 | D:1      | Reached XP level 1. HP: 20/20 MP: 6/6
   164 | D:1      | You fall into a shaft and drop 1 floor!
   240 | D:2      | Reached XP level 2. HP: 26/26 MP: 7/7
   244 | D:2      | Learned a level 2 spell: Blink
   284 | D:2      | Learned a level 2 spell: Shroud of Golubria
   309 | D:2      | Reached XP level 3. HP: 27/31 MP: 6/9
   335 | D:2      | Reached skill level 5 in Spellcasting
   338 | D:2      | Huge Dmg: 4 dmg
   343 | D:2      | Huge Dmg: 3 dmg
   350 | D:2      | Huge Dmg: 2 dmg
   353 | D:2      | Reached skill level 1 in Invocations
   729 | D:2      | Found a radiant altar of Vehumet.
   729 | D:2      | Found a blossoming altar of Fedhas.
   823 | D:2      | Learned a level 3 spell: Gell's Gravitas
   827 | D:2      | Learned a level 3 spell: Lesser Beckoning
   888 | D:2      | Reached skill level 1 in Short Blades
   888 | D:2      | Reached skill level 1 in Long Blades
   888 | D:2      | Reached skill level 1 in Axes
   888 | D:2      | Reached skill level 1 in Maces & Flails
   888 | D:2      | Reached skill level 1 in Polearms
   888 | D:2      | Reached skill level 1 in Staves
   888 | D:2      | Reached skill level 1 in Slings
   888 | D:2      | Reached skill level 1 in Bows
   888 | D:2      | Reached skill level 1 in Crossbows
   888 | D:2      | Reached skill level 1 in Stealth
   888 | D:2      | Reached skill level 1 in Shields
   888 | D:2      | Reached skill level 1 in Evocations
   914 | D:2      | Reached XP level 4. HP: 27/38 MP: 11/11
   916 | D:2      | Huge Dmg: 6 dmg
   918 | D:2      | Huge Dmg: 5 dmg
   923 | D:2      | Huge Dmg: 4 dmg
   932 | D:2      | Huge Dmg: 4 dmg
  1024 | D:2      | Noticed Robin
  1025 | D:2      | Huge Dmg: 4 dmg
  1031 | D:2      | Reached skill level 1 in Conjurations
  1031 | D:2      | Reached skill level 1 in Hexes
  1031 | D:2      | Reached skill level 1 in Charms
  1031 | D:2      | Reached skill level 1 in Summonings
  1031 | D:2      | Reached skill level 1 in Necromancy
  1031 | D:2      | Reached skill level 1 in Transmutations
  1031 | D:2      | Reached skill level 1 in Fire Magic
  1031 | D:2      | Reached skill level 1 in Ice Magic
  1031 | D:2      | Reached skill level 1 in Air Magic
  1031 | D:2      | Reached skill level 1 in Earth Magic
  1031 | D:2      | Reached skill level 1 in Poison Magic
  1033 | D:2      | Huge Dmg: 3 dmg
  1036 | D:2      | Huge Dmg: 5 dmg
  1043 | D:2      | Killed Robin
  1049 | D:2      | Huge Dmg: 4 dmg
  1382 | D:2      | Noticed Natasha
  1385 | D:2      | Huge Dmg: 8 dmg
  1386 | D:2      | Huge Dmg: 8 dmg
  1389 | D:2      | Huge Dmg: 10 dmg
  1390 | D:2      | Huge Dmg: 10 dmg
  1390 | D:2      | Killed from afar by Natasha

Levels and vault maps discovered:
D:1:      noname_arrival_rooms_in_the_neighbourhood, layout_basic,
          xom_teletrap_fun
D:2:      layout_loops_cross, gammafunk_temple_overflow_statue, uniq_robin,
          uniq_natasha

Skill      XL: |  1  2  3  4 |
---------------+-------------+-----
Spellcasting   | 5 |  5.1
Invocations    | 1 |  1.4
Short Blades   | 1 |  1.2
Long Blades    | 1 |  1.2
Axes           | 1 |  1.2
Maces & Flails | 1 |  1.2
Polearms       | 1 |  1.2
Staves         | 1 |  1.2
Slings         | 1 |  1.2
Bows           | 1 |  1.2
Crossbows      | 1 |  1.2
Stealth        | 1 |  1.2
Shields        | 1 |  1.2
Evocations     | 1 |  1.2
Conjurations   | 1 |  1.0
Hexes          | 1 |  1.0
Charms         | 1 |  1.0
Summonings     | 1 |  1.0
Necromancy     | 1 |  1.0
Transmutations | 1 |  1.0
Fire Magic     | 1 |  1.0
Ice Magic      | 1 |  1.0
Air Magic      | 1 |  1.0
Earth Magic    | 1 |  1.0
Poison Magic   | 1 |  1.0
Fighting       | |  4.7
Throwing       | |  2.8
Armour         | |  2.8
Dodging        | |  4.7
Unarmed Combat | |  4.7
Translocations | |  5.5

Action                   |  1- 3 |  4- 6 || total
-------------------------+-------+-------++-------
Melee: Unarmed           |    92 |    16 ||   108
       Bite              |     4 |     8 ||    12
       Punch             |     3 |       ||     3
       Whip              |       |    31 ||    31
 Cast: Shroud of Golubri |     5 |     4 ||     9
       Gell's Gravitas   |       |     3 ||     3
 Stab: Sleeping          |     1 |       ||     1
  Eat: Chunk             |       |     2 ||     2
Armor: Leather armour    |    28 |     7 ||    35
Dodge: Dodged            |    73 |    33 ||   106

Table legend:
 A = Non-vault XP
 B = Vault XP
 C = Vault XP percentage of total XP
 D = Non-vault monster count
 E = Vault monster count
 F = Vault count percentage of total count
                 A         B        C        D         E       F
            +---------+---------+-------+---------+---------+-------
      Total |     133 |      30 |  18.4 |      32 |       9 |  22.0
            +---------+---------+-------+---------+---------+-------
        D:1 |       9 |       0 |   0.0 |       6 |       0 |   0.0
        D:2 |     124 |      30 |  19.5 |      26 |       9 |  25.7
            +---------+---------+-------+---------+---------+-------
